 Dungeon Crawl Stone Soup version 0.16-a0-4060-g00983b4 (console) character file.

160 Monkaria the Slasher (level 5, -1/46 HPs)
             Began as a Minotaur Chaos Knight on Feb 21, 2015.
             Slain by an ogre (8 damage)
             ... on level 4 of the Dungeon.
             The game lasted 00:05:16 (2447 turns).

Monkaria the Slasher (Minotaur Chaos Knight)        Turns: 2447, Time: 00:05:16

Health: -1/46      AC:  5    Str: 23    XL:     5   Next: 17%
Magic:  2/2        EV: 11    Int:  9    God:    Xom [....*.]
Gold:   199        SH:  0    Dex:  9    Spells: 0 memorised, 4 levels left

rFire  . . .     SeeInvis .     a - +0 falchion (chaos)
rCold  . . .     Clarity  .     b - +2 leather armour
rNeg   . . .     SustAb   .     (no shield)
rPois  .         Gourm    .     (helmet restricted)
rElec  .         Spirit   .     (no cloak)
rCorr  .         Warding  .     (no gloves)
rMut   .         Stasis   .     (no boots)
MR     .....                    (no amulet)
Stlth  ..........               (no ring)
                                n - +5 ring of strength

@: confused, not resistant to hostile enchantments, extremely unstealthy
A: retaliatory headbutt, horns 2
a: Renounce Religion


You were on level 4 of the Dungeon.
You worshipped Xom.
You were a beloved toy of Xom.
You were very hungry.

You visited 1 branch of the dungeon, and saw 4 of its levels.

You collected 199 gold pieces.

Inventory:

Hand weapons
 a - a +0 falchion of chaos (weapon)
 q - the +3 whip of Ciyzuk {venom, rElec rF+ rN+ Str-2 Int+3}
   (You found it on level 4 of the Dungeon)

   It poisons the flesh of those it strikes.
   It affects your strength (-2).
   It affects your intelligence (+3).
   It protects you from fire.
   It insulates you from electricity.
   It protects you from negative energy.
Armour
 b - a +2 leather armour (worn)
Jewellery
 n - a +5 ring of strength (left hand)
Magical devices
 r - a wand of confusion (23)
Scrolls
 d - 6 scrolls of identify {unknown}
 e - a scroll of enchant weapon {unknown}
 g - 2 scrolls of enchant armour {unknown}
 k - a scroll of random uselessness {unknown}
 l - a scroll of blinking {unknown}
 o - a scroll of magic mapping {unknown}
 t - a scroll of immolation {unknown}
 v - a scroll of noise {unknown}
Potions
 f - a potion of magic {unknown}
 h - a potion of mutation {unknown}
 i - a potion of ambrosia
 j - a potion of invisibility {unknown}
 m - a potion of cancellation {unknown}
 p - a potion of curing {unknown}
 s - a potion of restore abilities {unknown}
Comestibles
 c - 2 bread rations
 u - a slice of pizza


   Skills:
 - Level 4.0 Fighting
 + Level 6.9 Long Blades
 - Level 2.4 Armour
 - Level 1.1 Dodging


You had 4 spell levels left.
You didn't know any spells.

Dungeon Overview and Level Annotations

Branches:
Dungeon (4/15)
 Temple: D:4-7

Altars:
Trog
Vehumet
Xom

Shops:
D:4 =


Innate Abilities, Weirdness & Mutations

You reflexively headbutt those who attack you in melee.
You have a pair of horns on your head.


Message History

The ogre is heavily wounded.
The ogre hits you!
* * * LOW HITPOINT WARNING * * *
You barely miss the ogre.
The ogre is heavily wounded.
The ogre closely misses you.
Drink which item? (? for menu, Esc to quit)
It was a potion of ambrosia.
You are confused.
You feel invigorated.
Xom roars with laughter!
The ogre hits you!
* * * LOW HITPOINT WARNING * * *
Are you sure you want to stumble around while confused and next to your butterfly? (Use ctrl+direction to attack without moving)
You bump into the rock wall.
The ogre hits you.
* * * LOW HITPOINT WARNING * * *
Are you sure you want to stumble around while confused and next to your butterfly? (Use ctrl+direction to attack without moving) You're too confused to move!
The ogre hits you!
You die... "What!?
That's it?"

#### #@O#### ##bb()########
###############.........
#####...<......##.....(...##
##.....########.##.........#
........# #.........#
......†.# ##........[#
........## #..........#
.........# ##g.........


You could see an ogre and a friendly giant club.

Vanquished Creatures
  A hound skeleton (D:4)
  5 adders
  4 worms
  2 giant geckos
  An orc (D:3)
  2 ball pythons
  9 bats
  14 goblins
  7 hobgoblins
  12 jackals
  5 kobolds
  A quokka (D:2)
  5 giant newts
  4 rats
72 creatures vanquished.

Vanquished Creatures (others)
  2 butterflies (D:4)
2 creatures vanquished.

Grand Total: 74 creatures vanquished

Notes
Turn   | Place    | Note
--------------------------------------------------------------
     0 | D:1      | Monkaria, the Minotaur Chaos Knight, began the quest for the Orb.
     0 | D:1      | Reached XP level 1. HP: 19/19 MP: 1/1
    94 | D:1      | Reached skill level 4 in Fighting
   194 | D:1      | Reached XP level 2. HP: 27/27 MP: 1/1
   382 | D:1      | XOM: silly message
   436 | D:1      | XOM: 3-stop teleportation journey
   649 | D:1      | Reached XP level 3. HP: 31/33 MP: 2/2
   919 | D:2      | XOM: 2-stop teleportation journey
   936 | D:2      | Reached skill level 5 in Long Blades
   938 | D:2      | XOM: mild Hex miscast
   961 | D:2      | XOM: mild Ice miscast
   987 | D:2      | XOM: colour smoke trail
  1045 | D:2      | Found a bloodstained altar of Trog.
  1571 | D:3      | Reached XP level 4. HP: 30/40 MP: 2/2
  1581 | D:3      | XOM: stat loss: -1 Int (8/9)
  1662 | D:3      | Reached skill level 6 in Long Blades
  1830 | D:3      | XOM: scenery: 1 doors close
  1901 | D:3      | XOM: mild Conj miscast
  2023 | D:3      | XOM: colour smoke trail
  2136 | D:3      | Found a radiant altar of Vehumet.
  2136 | D:3      | Found a shimmering altar of Xom.
  2173 | D:3      | XOM: noise
  2213 | D:4      | Got a dazzling whip
  2214 | D:4      | Identified the +3 whip of Ciyzuk {venom, rElec rF+ rN+ Str-2 Int+3} (You found it on level 4 of the Dungeon)
  2217 | D:4      | Found Ciesoihu's Jewellery Shop.
  2318 | D:4      | Reached XP level 5. HP: 46/46 MP: 2/2
  2394 | D:4      | Noticed an ogre
  2435 | D:4      | XOM: butterfly on damage
  2445 | D:4      | HP: 2/46 [ogre (11)]
  2447 | D:4      | Slain by an ogre

Action                   |  1- 3 |  4- 6 || total
-------------------------+-------+-------++-------
Melee: Falchion          |   127 |    85 ||   212
  Use: Potion            |       |     1 ||     1
 Stab: Paralysed         |     1 |       ||     1
       Confused          |       |     1 ||     1
  Eat: Chunk             |     1 |     3 ||     4
